cohdb
Replays
Latest Replays
All Replays
Popular Replays
Top Player Replays
Match Explorer
How It Works
Community
CoH3 Stats
Reddit
Sign in to upload your games and track your stats! →
Sign in with Steam
Match 43671511
Unlisted
Match 43671511
Overview
Messages
Build Orders
End
Engineer Squad
Engineer Squad
Selects Armored Battlegroup
Selects Assault Engineers
Assault Engineer Squad
Construct Weapon Support Center
M1919 Machine Gun Team
Bazooka Squad
M1919 Machine Gun Team
Bazooka Squad
Construct Medical Station
M1919 Machine Gun Team
Infantry Support Center
Bazooka Squad
Talia
Willaguy
0
0
Comments
sign in to comment!
No comments posted yet!